 Dungeon Sprint DCSS version 0.21.1-1-g345015f (webtiles) character file.

8800000 vatarom the Conqueror (level 27, -5/249 HPs)
             Began as a Demonspawn Warper on Apr 28, 2018.
             Was the Champion of Makhleb.
             Killed from afar by a large bag of meat (37 damage)
             ... with an exploding inner flame
             ... in the Dungeon (Sprint VIII: "Arena of Blood").
             The game lasted 00:02:28 (88 turns).

vatarom the Conqueror (Demonspawn Warper)             Turns: 88, Time: 00:02:28

Health: -5/249     AC: 10    Str: 25    XL:     27
Magic:  54/54      EV: 40    Int: 16    God:    Makhleb [******]
Gold:   0          SH:  0    Dex: 21    Spells: 80/80 levels left

rFire    . . .     SeeInvis +   l - +∞ Axe of Woe
rCold    + . .     Gourm    .   (shield currently unavailable)
rNeg     + . .     Faith    .   b - +0 leather armour
rPois    .         Spirit   .   (helmet unavailable)
rElec    .         Reflect  .   (no cloak)
rCorr    +         Harm     .   (no gloves)
MR       ++...     NoTele   +   (no boots)
Stlth    ++++++++++             (no amulet)
HPRegen  0.51/turn              (no ring)
MPRegen  0.34/turn              (no ring)

@: mighty, agile, very slightly contaminated
A: antennae 3, yellow scales 3, cold resistance 1, icemail, negative energy
resistance 1, powered by pain 3, 50% torment resistance, black mark, freezing
cloud immunity
a: Minor Destruction, Lesser Servant of Makhleb, Major Destruction, Greater
Servant of Makhleb, Renounce Religion


You were in the Dungeon.
You worshipped Makhleb.
Makhleb was exalted by your worship.
You were not hungry.

You visited 1 branch

Inventory:

Hand Weapons
 a - a +0 hand axe
 l - the +∞ Axe of Woe (weapon)
   (You found it in the Dungeon)
Missiles
 e - 5 tomahawks of dispersal (quivered)
Armour
 b - a +0 leather armour (worn)
Scrolls
 d - a scroll of blinking
Potions
 g - a potion of curing
 h - a potion of heal wounds
 i - a potion of haste
 j - 2 potions of magic
 k - a potion of berserk rage
Books
 c - a book of Spatial Translocations

   Spells                             Type                      Level
   a - Blink                          Translocation                2
   b - Shroud of Golubria             Charms/Translocation         2
   c - Lesser Beckoning               Translocation                3
   d - Gell's Gravitas                Translocation                3
   e - Teleport Other                 Translocation                3
   f - Passage of Golubria            Translocation                4
Comestibles
 f - a ration


   Skills:
 O Level 27 Fighting
 O Level 27 Axes
 O Level 27 Throwing
 O Level 27 Armour
 O Level 27 Dodging
 O Level 27 Stealth
 O Level 27 Unarmed Combat
 O Level 27 Spellcasting
   Level 2.6 Translocations
 O Level 27 Invocations


You had 80 spell levels left.
You didn't know any spells.

Dungeon Overview and Level Annotations

Branches:
Dungeon (1/1)

Altars:
Makhleb


Innate Abilities, Weirdness & Mutations

You have a pair of large antennae on your head. (SInv)
You are completely covered in yellow scales. (AC +4, rCorr)
Your flesh is cold resistant. (rC+)
A meltable icy envelope protects you from harm. (AC +0)
You resist negative energy. (rN+)
You are powered by pain.
You are somewhat able to resist unholy torments (1 in 2 success).
Your melee attacks may debilitate your foes.
You are immune to freezing clouds.


Message History

You hear a shout!
The bag of meat is engulfed in blazing flames.
You hear a shout! x3
The large bag of meat is engulfed in blazing flames.
The large bag of meat hits you with a +9 giant spiked club!!!! x2
* * * LOW HITPOINT WARNING * * *
You focus on the pain.
You feel mightier all of a sudden.
You hear a shout! x4
An orc, an ogre, a wraith and a skeletal warrior come into view.
Things that are here:
a +9 giant spiked club; a +100 ring of slaying The bag of meat shouts! x3
You dice the large bag of meat like an onion!!!
You chop the large bag of meat into pieces.
The large bag of meat explodes!
The fiery explosion engulfs the wretched soul.
The fiery explosion engulfs the accursed.
The fiery explosion engulfs you!
You die... oo.W ......O2. o.O.. {#...oW{.# z#o.o

#O..o{..#{{
..oOo.###.%. ..###.
.....z.....###.%....
...#o%......_..%..
.#.o..§OV#..X%.#
...W.oM§@#_.X%_# .
#..o.WO§#..X).#....
...#..§oO)§§_)......
...o..§§§o.###..2...
.....o###O......###.
...... {#.oXO...#
.....{{{#..X....#
..... {{2oDo.....
#.#. {{oL........


You could see an accursed, an eight-headed meat hydra, a destroyer, 2 sculptors
of flesh, a large bag of meat (inner flame), 2 large abominations, 3 wretched
souls, a dread, 8 meat berserkers and 20 bags of meat.

Vanquished Creatures
  4 hell beasts (D)
  2 greater mummies (D)
  Harold (D)
  8 vampire knights (D)
  20 ogres (D)
  4 two-headed ogres (D)
  A lich (D)
  26 orcs (D)
  A skeletal warrior (D)
  A large abomination (D)
  A small abomination (D)
  2 crawling corpses (D)
71 creatures vanquished.

Vanquished Creatures (others)
  A crawling corpse (D)
1 creature vanquished.

Grand Total: 72 creatures vanquished

Notes
Turn   | Place    | Note
-------+----------+-------------------------------------------
     0 | D        | Found the +∞ Axe of Woe
     0 | D        | vatarom the Demonspawn Warper began the quest for the Orb.
     0 | D        | Reached XP level 1. HP: 16/16 MP: 3/3
     2 | D        | Noticed a bag of meat
     2 | D        | Noticed a bag of meat
     3 | D        | Became a worshipper of Makhleb the Destroyer
     4 | D        | Noticed a bag of meat
     6 | D        | Killed a bag of meat
     6 | D        | Gained mutation: You have a pair of small antennae on your head. [demonic ancestry]
     6 | D        | Reached XP level 2. HP: 40/40 MP: 3/17
     6 | D        | Gained mutation: You have a pair of antennae on your head. [demonic ancestry]
     6 | D        | Reached XP level 3. HP: 46/46 MP: 3/19
     6 | D        | Gained mutation: You sometimes gain a little power by taking damage. [demonic ancestry]
     6 | D        | Reached XP level 4. HP: 53/53 MP: 3/20
     6 | D        | Gained mutation: You are partially covered in yellow scales. (AC +2) [demonic ancestry]
     6 | D        | Reached XP level 5. HP: 59/59 MP: 3/22
     6 | D        | Gained mutation: You are mostly covered in yellow scales. (AC +3) [demonic ancestry]
     6 | D        | Reached XP level 6. HP: 66/66 MP: 3/23
     6 | D        | Reached XP level 7. HP: 72/72 MP: 3/25
     6 | D        | Reached XP level 8. HP: 79/79 MP: 3/26
     6 | D        | Reached XP level 9. HP: 85/85 MP: 3/27
     6 | D        | Reached XP level 10. HP: 92/92 MP: 3/28
     6 | D        | Gained mutation: Your flesh is cold resistant. (rC+) [demonic ancestry]
     6 | D        | Reached XP level 11. HP: 98/98 MP: 3/29
     8 | D        | Killed a bag of meat
     8 | D        | Reached * piety under Makhleb
     8 | D        | Reached skill level 15 in Fighting
     8 | D        | Reached skill level 5 in Throwing
     8 | D        | Reached skill level 5 in Armour
     8 | D        | Reached XP level 12. HP: 110/110 MP: 3/32
     9 | D        | Killed a bag of meat
     9 | D        | Reached skill level 15 in Dodging
     9 | D        | Gained mutation: You are immune to freezing clouds. [demonic ancestry]
     9 | D        | Reached XP level 13. HP: 119/119 MP: 3/35
    13 | D        | Noticed a meat berserker
    16 | D        | Noticed a bag of meat
    16 | D        | Noticed a meat berserker
    17 | D        | Noticed a bag of meat
    17 | D        | Killed a meat berserker
    17 | D        | Gained mutation: You are completely covered in yellow scales. (AC +4, rCorr) [demonic ancestry]
    17 | D        | Reached XP level 14. HP: 131/131 MP: 5/38
    18 | D        | Noticed a meat berserker
    19 | D        | Noticed a bag of meat
    19 | D        | Noticed a destroyer
    20 | D        | Noticed a bag of meat
    20 | D        | Killed a meat berserker
    20 | D        | Reached ** piety under Makhleb
    20 | D        | Gained mutation: You sometimes gain power by taking damage. [demonic ancestry]
    20 | D        | Reached XP level 15. HP: 142/142 MP: 6/40
    22 | D        | Killed a meat berserker
    22 | D        | Gained mutation: A meltable icy envelope protects you from harm. (AC +0) [demonic ancestry]
    22 | D        | Reached XP level 16. HP: 133/155 MP: 7/43
    23 | D        | Reached *** piety under Makhleb
    25 | D        | Noticed a destroyer
    25 | D        | Noticed a destroyer
    25 | D        | Reached XP level 17. HP: 165/165 MP: 8/45
    25 | D        | Killed a destroyer
    25 | D        | Reached skill level 10 in Throwing
    25 | D        | Reached skill level 10 in Armour
    27 | D        | Noticed a large bag of meat
    27 | D        | Noticed a meat berserker
    27 | D        | Noticed a meat berserker
    27 | D        | Noticed a destroyer
    27 | D        | Reached **** piety under Makhleb
    27 | D        | Gained mutation: You have a pair of large antennae on your head. (SInv) [demonic ancestry]
    27 | D        | Reached XP level 18. HP: 179/179 MP: 8/48
    28 | D        | Killed a destroyer
    28 | D        | Reached skill level 27 in Fighting
    28 | D        | Reached skill level 27 in Axes
    28 | D        | Reached skill level 27 in Spellcasting
    29 | D        | Killed a meat berserker
    29 | D        | Reached skill level 27 in Dodging
    29 | D        | Gained mutation: You are powered by pain. [demonic ancestry]
    29 | D        | Reached XP level 19. HP: 189/189 MP: 9/50
    30 | D        | Noticed a meat berserker
    30 | D        | Killed a meat berserker
    31 | D        | Noticed a meat berserker
    32 | D        | Killed a large bag of meat
    32 | D        | Reached ***** piety under Makhleb
    33 | D        | Killed a destroyer
    33 | D        | Reached XP level 20. HP: 181/197 MP: 10/51
    35 | D        | Killed a meat berserker
    35 | D        | Reached skill level 27 in Throwing
    35 | D        | Reached skill level 27 in Armour
    35 | D        | Killed a destroyer
    35 | D        | Reached skill level 15 in Stealth
    35 | D        | Reached XP level 21. HP: 204/204 MP: 10/52
    43 | D        | Noticed a destroyer
    45 | D        | Killed a destroyer
    45 | D        | Reached skill level 27 in Invocations
    47 | D        | Gained mutation: You resist negative energy. (rN+) [demonic ancestry]
    47 | D        | Reached XP level 22. HP: 210/212 MP: 14/53
    51 | D        | Noticed an accursed
    53 | D        | Reached ****** piety under Makhleb
    54 | D        | Reached skill level 27 in Stealth
    54 | D        | Reached skill level 27 in Unarmed Combat
    58 | D        | Killed an accursed
    58 | D        | Gained mutation: You are somewhat able to resist unholy torments (1 in 2 success). [demonic ancestry]
    58 | D        | Reached XP level 23. HP: 122/219 MP: 17/54
    60 | D        | Noticed a destroyer
    61 | D        | Noticed a large bag of meat
    63 | D        | Noticed The Servant
    63 | D        | Noticed a meat beast
    63 | D        | Reached XP level 24. HP: 227/227 MP: 18/54
    67 | D        | Killed a meat beast
    67 | D        | Reached XP level 25. HP: 234/234 MP: 19/54
    68 | D        | Noticed a meat beast
    68 | D        | Noticed a destroyer
    68 | D        | Noticed an accursed
    68 | D        | Noticed a destroyer
    69 | D        | Killed The Servant
    69 | D        | Reached XP level 26. HP: 156/242 MP: 37/54
    70 | D        | Noticed an accursed
    71 | D        | Killed a destroyer
    74 | D        | Killed a large bag of meat
    74 | D        | Killed an accursed
    74 | D        | Gained mutation: Your melee attacks may debilitate your foes. [demonic ancestry]
    74 | D        | Reached XP level 27. HP: 249/249 MP: 54/54
    75 | D        | Noticed a large bag of meat
    75 | D        | Killed a meat beast
    77 | D        | Noticed a tyrant
    79 | D        | Noticed a large bag of meat
    79 | D        | Noticed a large bag of meat
    80 | D        | Noticed a meat beast
    80 | D        | Killed a destroyer
    81 | D        | Noticed a tyrant
    81 | D        | Noticed a meat beast
    81 | D        | Killed a destroyer
    82 | D        | Noticed a meat beast
    84 | D        | Noticed a large bag of meat
    84 | D        | Killed a meat beast
    84 | D        | Killed a large bag of meat
    86 | D        | Noticed a destroyer
    86 | D        | Killed a large bag of meat
    86 | D        | Killed a tyrant
    86 | D        | Killed a meat beast
    87 | D        | Noticed a destroyer
    88 | D        | Noticed a dread
    88 | D        | Killed a large bag of meat
    88 | D        | Killed from afar by a large bag of meat

Skill      XL: |  1  2  3  4  5  6  7  8  9 10 11 12 13 14 15 16 17 18 19 20 21 22 |
---------------+-------------------------------------------------------------------+-----
Fighting       | 13 15 16 18 20 22 23 25 27 | 27.0
Axes           | 12 14 16 18 20 22 23 26 27 | 27.0
Throwing       | 4 5 6 7 8 9 10 17 26 27 | 27.0
Armour         | 4 5 6 7 8 9 10 16 26 27 | 27.0
Dodging        | 12 14 15 17 18 20 21 23 27 | 27.0
Spellcasting   | 14 16 18 20 21 23 24 26 27 | 27.0
Stealth        | 15 25 27 | 27.0
Unarmed Combat | 14 23 27 | 27.0
Invocations    | 19 27 | 27.0
Translocations | |  2.6

Action                   |  1- 3 |  4- 6 |  7- 9 | 10-12 | 13-15 | 16-18 | 19-21 | 22-24 | 25-27 || total
-------------------------+-------+-------+-------+-------+-------+-------+-------+-------+-------++-------
Melee: Executioner's axe |     1 |       |       |     2 |     3 |     5 |     7 |    11 |    15 ||    44
  Use: Scroll            |       |       |       |       |       |       |       |       |     1 ||     1
Dodge: Dodged            |       |       |       |       |       |       |     1 |     1 |     4 ||     6
